Unix NetHack Version 3.7.0-86 Work-in-progress - last build May 30 2023 01:50:43 (cc98dc9aa62a9957b082a042edf5bd7ec9f632c7,branch:master). Game began 2023-06-08 17:14:04, ended 2023-06-10 17:54:58. nopsled, neutral female human Wizard ------- ------- |>`|..| --|.....| |.....| |.+.....| ---.--.| |-|.....|-- ----*...|.-- |.+.....+y| |.......|..-- |-|.....|.| |....---|...| |.+.....|f| |..[.|..|...| --|.....|@| |.......|...| ------|.| --....|......-- |.| |.[.).|..|....| |.| |.....|--|....| |.| |..|.-- --...| |.| ----.| ----- |.| |..-------------------.| |`................*%...| ------------------------ Nopsled the Thaumaturge St:16 Dx:14 Co:11 In:18 Wi:9 Ch:10 Neutral S:5136 Dlvl:3 $:130 HP:0(66) Pw:53(72) AC:9 Xp:8/1495 T:4362 Satiated Latest messages: You hit the giant mimic. You hit the giant mimic. You hit the giant mimic. You miss the giant mimic. You kill the giant mimic! The yellow light flows under the door. You hit the elf mummy! You hit the elf mummy! The elf mummy hits! The yellow light flows under the door. You miss the elf mummy. The elf mummy hits! You miss the elf mummy. You hit the elf mummy! The elf mummy hits! You miss the elf mummy. The elf mummy hits! The yellow light flows under the door. In what direction? k The spell hits the elf mummy! You destroy the elf mummy! The spell hits the panther! The spell misses the yellow light. The yellow light flows under the door. The panther hits! The panther hits again! The panther bites! What do you want to write with? [- ac-egnpqtuEFH-LNOQ or ?*] - You write in the dust with your fingertip. What do you want to write in the dust here? elbereth The panther hits! The panther hits again! The panther bites! What do you want to write with? [- ac-egnpqtuEFH-LNOQ or ?*] - Do you want to add to the current engraving? [ynq] (y) y You add to the writing in the dust with your fingertip. What do you want to add to the writing in the dust here? elbereth Something is written here in the dust. You read: "elberet@elbereth". You see no objects here. You already found a monster. Use 'm' prefix to force another search. What do you want to put on? [denpFILO or ?*] I Which ring-finger, Right or Left? [rl] r Gee! All of a sudden, you can see right through yourself. I - a ring of invisibility (on right hand). The panther hits! The panther hits again! The panther bites! You die... Do you want your possessions identified? [ynq] (y) q Inventory: Coins $ - 130 gold pieces Weapons Q - a +0 elven dagger named ?t?ng (at the ready) q - a +0 orcish dagger a - a blessed +1 quarterstaff (weapon in hands) Armor f - an uncursed +0 elven leather helm (being worn) b - an uncursed burnt +0 cloak of magic resistance (being worn) h - an uncursed +0 mummy wrapping Comestibles M - an uncursed slime mold r - 9 uncursed food rations o - a cursed food ration B - an uncursed sprig of wolfsbane v - 4 uncursed tripe rations Scrolls D - an uncursed scroll of create monster x - an uncursed scroll of destroy armor G - an uncursed scroll of earth k - an uncursed scroll of identify j - an uncursed scroll of remove curse Spellbooks m - an uncursed spellbook of confuse monster Potions i - an uncursed potion of fruit juice C - an uncursed potion of fruit juice w - an uncursed potion of gain ability A - a blessed potion of levitation y - a blessed potion of object detection s - an uncursed potion of see invisible Rings L - an uncursed ring of cold resistance p - an uncursed ring of fire resistance n - a blessed +3 ring of increase accuracy I - an uncursed ring of invisibility (on right hand) O - an uncursed ring of protection from shape changers d - an uncursed ring of searching e - an uncursed ring of slow digestion F - an uncursed ring of slow digestion Wands E - a wand of cold (0:0) J - a wand of magic missile (0:0) K - a wand of nothing (0:5) N - a wand of polymorph (0:6) t - a wand of sleep (0:4) c - a wand of speed monster (0:3) g - a wand of striking (0:0) H - a wand of teleportation (0:6) u - a wand of teleportation (0:2) Tools l - an uncursed leash z - an uncursed tin whistle Nopsled the Wizard's attributes: Background: You were a Thaumaturge, a level 8 female human Wizard. You were neutral, nominally on a mission for Thoth who was opposed by Ptah (lawful) and Anhur (chaotic). You were in Sokoban, on level 3. You entered the dungeon 4362 turns ago. You had 1495 experience points, 1065 more were needed to attain level 9. Your score was 5136 before end-of-game adjustments. Basics: You had 0 out of 66 hit points. You had 53 out of 72 energy points (spell power). Your armor class was 9. Your wallet contained 130 zorkmids. Autopickup was on for '$"?!=/' plus thrown. Final Characteristics: Your strength was 16 (limit:18/100). Your dexterity was 14 (peak:15, limit:18). Your constitution was 11 (limit:18). Your intelligence was 18 (limit:18). Your wisdom was 9 (limit:18). Your charisma was 10 (limit:18). Final Status: You were satiated. You were unencumbered. You were wielding a quarterstaff. You had basic skill with quarterstaff. Final Attributes: You were fervently aligned. You were magic-protected. You saw invisible. You were invisible to others. You were warded. You were fast. You were very unlucky. You are dead. Miscellaneous: You encountered 1 bones level. Total elapsed playing time was 2 hours, 26 minutes and 35 seconds. Major events: Turn 1: nopsled the neutral female human Wizard entered the dungeon 922: entered the Gnomish Mines 1707: entered Sokoban 2425: completed 2nd Sokoban level 2434: attained the rank of Conjurer (level 3) 2841: completed 3rd Sokoban level 3222: attained the rank of Thaumaturge (level 6) 4309: completed 4th Sokoban level 4362: killed by a panther Vanquished creatures: 2 giant mimics an elf mummy a red naga a wraith 3 Grey-elves a dwarf mummy an ogre a rust monster an owlbear a human zombie a bugbear a fog cloud a giant ant a little dog a homunculus 2 giant bats 4 iguanas 3 killer bees a coyote a hobbit 2 manes a large kobold 2 giant rats a cave spider a yellow mold a gnome zombie 2 geckos 3 jackals a fox 4 goblins 3 sewer rats 5 grid bugs 2 bats a lichen a kobold zombie 3 newts 62 creatures vanquished. No species were genocided or became extinct. Voluntary challenges: You were an atheist. You read items or engraved 15 times. You never engraved Elbereth. You never genocided any monsters. You never polymorphed an object. You never changed form. You used no wishes. You violated the special Sokoban rules 5 times. Achievements: You entered the Gnomish Mines. You entered Sokoban. You attained the rank of Conjurer. You attained the rank of Thaumaturge. The Dungeons of Doom: levels 1 to 7 Level 1: Some fountains. Level 2: A fountain. Level 3: Stairs down to The Gnomish Mines. Level 4: Level 5: Some fountains. Level 6: Many fountains. Oracle of Delphi. Level 7: Stairs up to Sokoban, level 6. The Gnomish Mines: Level 4: Final resting place for Superfly-Wiz-Hum-Mal-Cha, killed by a raven. Sokoban: levels 6 up to 3 Level 3: <- You were here. Solved. Final resting place for you, killed by a panther. Level 4: Solved. Level 5: Solved. Level 6: Unsolved. Game over: ---------- / \ / REST \ / IN \ / PEACE \ / \ | nopsled | | 130 Au | | killed by a | | panther | | | | | | 2023 | *| * * * | * _________)/\\_//(\/(/\)/\//\/|_)_______ Goodbye nopsled the Wizard... You died in Sokoban on dungeon level 3 with 5123 points, and 130 pieces of gold, after 4362 moves. You were level 8 with a maximum of 66 hit points when you died.